 Dungeon Crawl Stone Soup version 0.31.0-11-ge490571c62 (webtiles) character file.

Game seed: 1244322887949536749

13697 Daunt the Fighter (level 12, 0/84 HPs)
             Began as a Gargoyle Summoner on Jan 28, 2024.
             Was an Initiate of Gozag.
             Slain by a yak (9 damage)
             ... on level 1 of the Lair of Beasts.
             The game lasted 01:08:55 (9246 turns).

Daunt the Fighter (Gargoyle Summoner)               Turns: 9246, Time: 01:08:57

Health: 0/84       AC: 20    Str: 20    XL:     12   Next: 8%
Magic:  16/19      EV: 10    Int: 19    God:    Gozag
Gold:   1797       SH:  0    Dex: 10    Spells: 15/21 levels left

rFire   . . .        a - +8 trident of the Octopus King {venom, rElec rPois}
rCold   . . .        (no shield)
rNeg    + . .        t - +4 scale mail
rPois   ∞            (no helmet)
rElec   +            P - +1 cloak
rCorr   .            (no gloves)
SInv    .            (no boots)
Will    .....        L - amulet of the acrobat
Stlth   +            l - +6 ring of strength
HPRegen 0.34/turn    y - ring of flight
MPRegen 0.16/turn

%: acrobat
@: gold aura, flying
A: sickness immunity, AC +8, negative energy resistance 1, electricity
resistance, torment resistance 1, petrification resistance
a: Renounce Religion, Potion Petition, Call Merchant, Bribe Branch


You were on level 1 of the Lair of Beasts.
You worshipped Gozag.
Gozag was most pleased with you.
You visited 2 branches of the dungeon, and saw 13 of its levels.

You collected 1902 gold pieces.
You paid 105 gold pieces to Gozag.

Inventory:

Hand Weapons
 a - the +8 trident of the Octopus King (weapon) {venom, rElec rPois}
   (You found it on level 5 of the Dungeon)

   rElec:     It insulates you from electricity.
   rPois:     It protects you from poison
 u - a +0 sling
Missiles
 i - a throwing net
 q - 23 poisoned darts (quivered)
 z - 48 stones
 F - 4 boomerangs
 T - 6 javelins
 U - a curare-tipped dart
Armour
 o - a +0 kite shield
 t - a +4 scale mail (worn)
 P - a +1 cloak (worn)
 R - a +2 robe of willpower
Jewellery
 b - an amulet of reflection
 l - a +6 ring of strength (left hand)
 y - a ring of flight (right hand)
 L - an amulet of the acrobat (around neck)
Talismans
 I - a talisman of death
Wands
 e - a wand of quicksilver (2)
 f - a wand of flame (6)
 k - a wand of iceblast (7)
 r - a wand of paralysis (9)
Scrolls
 d - a scroll of enchant weapon
 g - a scroll of immolation {unknown}
 h - 2 scrolls of teleportation
 j - 2 scrolls of vulnerability {unknown}
 m - 2 scrolls of amnesia {unknown}
 p - 4 scrolls of fear
 s - 3 scrolls of revelation {unknown}
 v - 2 scrolls of blinking {unknown}
 B - a scroll of enchant armour {unknown}
 C - 2 scrolls of poison {unknown}
 E - 3 scrolls of fog {unknown}
 G - 2 scrolls of butterflies {unknown}
 H - 2 scrolls of noise {unknown}
Potions
 c - 2 potions of magic
 n - 4 potions of attraction
 w - a potion of haste
 x - a potion of brilliance
 A - 2 potions of curing
 D - a potion of enlightenment
 J - a potion of resistance
 K - a potion of mutation
 M - a potion of cancellation {unknown}
 N - 2 potions of heal wounds {unknown}
 O - 2 potions of might {unknown}
 S - a potion of ambrosia {unknown}
Miscellaneous
 Q - a phial of floods


   Skills:
 - Level 13.9 Fighting
 - Level 2.0 Short Blades
 + Level 10.2 Polearms
 - Level 1.5 Dodging
 - Level 3.2 Stealth
 - Level 5.0 Spellcasting
 - Level 6.0 Summonings
 * Level 3.7 Evocations


You had 15 spell levels left.
You knew the following spells:

 Your Spells              Type           Power      Damage    Failure   Level
a - Summon Small Mammal   Summ           100%       N/A       3%          1
c - Call Canine Familiar  Summ           27%        N/A       10%         3
i - Call Imp              Summ           54%        N/A       4%          2

Your spell library contained the following spells:

 Spells                   Type           Power      Damage    Failure   Level
 Apportation              Tloc           8%         N/A       36%         1
 Freeze                   Ice            16%        1d4       36%         1
 Magic Dart               Conj           16%        1d3       36%         1
 Necrotise                Necr           16%        1d4       36%         1
 Sandblast                Erth           8%         2d5       36%         1
 Sting                    Conj/Alch      16%        1d4       36%         1
 Searing Ray              Conj           8%         2d4       50%         2
 Summon Blazeheart Golem  Fire/Summ      16%        N/A       71%         4
 Summon Lightning Spire   Summ/Air       16%        N/A       71%         4
 Frozen Ramparts          Ice            8%         1d2       73%         3
 Gell's Gravitas          Tloc           4%         N/A       73%         3
 Hailstorm                Conj/Ice       4%         3d5       73%         3
 Ozocubu's Armour         Ice            4%         N/A       73%         3
 Passwall                 Erth           4%         N/A       73%         3
 Stone Arrow              Conj/Erth      8%         3d7       73%         3
 Teleport Other           Tloc           4%         N/A       73%         3
 Volatile Blastmotes      Fire/Tloc      8%         2d10      73%         3
 Brom's Barrelling Bould  Conj/Erth      4%         2d3       98%         4
 Fulminant Prism          Conj/Alch      2%         3d5       98%         4
 Iskenderun's Mystic Bla  Conj/Tloc      4%         2d3       98%         4
 Leda's Liquefaction      Alch/Erth      2%         N/A       98%         4
 Olgreb's Toxic Radiance  Alch           4%         N/A       98%         4
 Vhi's Electric Charge    Tloc/Air       8%         N/A       98%         4
 Arcjolt                  Conj/Air       2%         1d12      100%        5
 Lee's Rapid Deconstruct  Erth           2%         3d4*      100%        5
 Metabolic Englaciation   Hex/Ice        2%         N/A       100%        5
 Bombard                  Conj/Erth      2%         9d1       100%        6
 Dispersal                Tloc           2%         N/A       100%        6
 Plasma Beam              Fire/Air       2%         2x1d12    100%        6
 Sculpt Simulacrum        Ice/Alch       2%         N/A       100%        6
 Ozocubu's Refrigeration  Ice            2%         4d7       100%        7
 Discord                  Hex            2%         N/A       100%        8


Dungeon Overview and Level Annotations

Branches:
Dungeon (11/15)            Temple (0/1) D:6            Lair (2/5) D:9
  Swamp: Lair:2-3    Shoals: Lair:2-3     Snake: Lair:2-3    Spider: Lair:2-3
    Orc: D:9-12

Altars:
Ashenzari
Gozag
Hepliaklqana
Nemelex Xobeh
Okawaru
Ru
Vehumet
Wu Jian
Xom

Annotations:
D:6 +6 dire flail, Edmund
D:9 3 runed translucent doors, DeathSocks's ghost, novice VSBe


Innate Abilities, Weirdness & Mutations

You are immune to sickness and miasma.
Your stone body is resilient. (AC +8)
You are immune to poison.
You resist negative energy. (rN+)
You are resistant to electric shocks. (rElec)
You are resistant to unholy torment.
You are immune to petrification.


Message History

The yak gores you but does no damage. x2
Your cerulean imp hits the yak but does no damage.
You puncture the yak!
The yak looks as sick as possible!
The yak is heavily wounded.
The yak gores you but does no damage. The yak gores you!
* * * LOW HITPOINT WARNING * * *
Your cerulean imp hits the yak but does no damage.
You barely miss the yak.
The yak is heavily wounded.
The yak gores you.
* * * LOW HITPOINT WARNING * * *
The yak gores you but does no damage.
Your cerulean imp barely misses the yak.
You puncture the yak!
The yak looks as sick as possible!
The yak is almost dead.
You puncture the yak!
The yak looks as sick as possible!
The yak is almost dead.
The yak gores you but does no damage.
Your cerulean imp closely misses the yak.
You puncture the yak!
You kill the yak!
The yak gores you!
* * * LOW HITPOINT WARNING * * *
Your cerulean imp hits the yak but does no damage.
Unknown command.
Unknown command.
Unknown command.
Okay, then.
Unknown command.
Unknown command.
Unknown command.
Unknown command.
Aiming: Paralyse
Press: ? - help, Shift-Dir - straight line, f - yak
Aim: a yak (chance to affect: 59%)
The yak suddenly stops moving!
Your familiar recovers from its injuries.
The yak gores you!
You die...
Your body crumbles into a pile of gold.

##..........# .. #P..........#
.. ##..........# ##..
#...####...##### #P.. #...P#
##..#$#P#####... #...##
#..$.....(((... ##...##
##$.###...).....
#####.....###...#..#........
##.#.#......@Y......#........
#...........$Y5.......##.###P
###...♣.........♣♣....#.#......
#....♣♣♣.......♣♣♣♣...#.#......
##.....♣.......♣♣♣..P#.........
#....♣♣........♣.......+......
#......................P#.#.#.
#....♣♣...♣♣...♣♣.............
#.#.♣♣♣♣.♣♣♣♣.♣.♣♣............


You could see 2 yaks and a friendly cerulean imp (summoned).

Vanquished Creatures
  2 boulder beetles (D:11)
  A sea snake (D:10)
  Pikel (D:9)
  Maurice (D:9)
  A cyclops (D:11)
  A gargoyle (D:10)
  A cane toad (Lair:1)
  2 kobold demonologists (D:11)
  A rime drake (Lair:1)
  Prince Ribbit (D:8)
  9 blink frogs (Lair:1)
  A glass eye (D:9)
  A wraith (D:11)
  17 yaks
  4 steam dragons
  2 black bears
  4 centaurs
  6 wolves (Lair:1)
  3 lemures
  4 kobold brigands
  A phantom (D:5)
  Blork the orc (D:4)
  3 bullfrogs
  3 gnoll sergeants
  17 killer bees
  7 howler monkeys
  A bombardier beetle (D:6)
  A jelly (D:7)
  An orc priest (D:8)
  2 hounds
  10 orc wizards
  10 gnolls
  4 adders
  17 orcs
  6 ball pythons
  A bat (D:2)
  2 endoplasms
  9 goblins
  6 hobgoblins
  11 kobolds
  A quokka (D:5)
  A rat (D:3)
178 creatures vanquished.

Vanquished Creatures (collateral kills)
  2 blink frogs (Lair:1)
  A yak (D:8)
  An ice beast (D:5)
  A black bear (D:5)
  3 killer bees
  An orc priest (D:8)
  An orc wizard (D:4)
  A gnoll (D:7)
  An adder (D:2)
  A dart slug (D:1)
  4 orcs
  A bat (D:1)
  4 endoplasms
  A giant cockroach (D:1)
  2 goblins
  4 hobgoblins
  2 ball pythons (D:2)
  3 frilled lizards
  A kobold (D:4)
  4 rats (D:1)
39 creatures vanquished.

Vanquished Creatures (others)
  A killer bee (D:10)
  An orc wizard (D:9)
2 creatures vanquished.

Grand Total: 219 creatures vanquished

Notes
Turn   | Place    | Note
-------+----------+-------------------------------------------
     0 | D:1      | Daunt the Gargoyle Summoner began the quest for the Orb.
     0 | D:1      | Reached XP level 1. HP: 10/10 MP: 3/3
   147 | D:1      | Reached XP level 2. HP: 14/15 MP: 3/5
   355 | D:1      | Learned a level 2 spell: Call Imp
   371 | D:1      | Reached XP level 3. HP: 19/19 MP: 4/6
   777 | D:2      | Found a faded altar of an unknown god.
   855 | D:2      | Reached skill level 5 in Summonings
   855 | D:2      | Reached XP level 4. HP: 20/24 MP: 4/7
  1637 | D:3      | Found a sacrificial altar of Ru.
  1638 | D:3      | Found a sparkling altar of Nemelex Xobeh.
  1847 | D:5      | Entered Level 5 of the Dungeon
  1985 | D:4      | Found an opulent altar of Gozag.
  1985 | D:4      | Found an iron altar of Okawaru.
  1993 | D:4      | Became a worshipper of Gozag Ym Sagoz the Greedy
  2053 | D:4      | Reached skill level 1 in Fighting
  2067 | D:4      | Reached skill level 1 in Short Blades
  2068 | D:4      | Reached XP level 5. HP: 29/29 MP: 4/8
  2109 | D:4      | Noticed Blork the orc
  2126 | D:4      | Killed Blork the orc
  2127 | D:4      | Reached skill level 2 in Fighting
  2142 | D:4      | Found a broken altar of Ashenzari.
  2179 | D:4      | Reached skill level 3 in Fighting
  2395 | D:5      | Noticed an ice beast
  2507 | D:5      | Reached XP level 6. HP: 36/37 MP: 9/9
  2579 | D:5      | Killed an ice beast
  2580 | D:5      | Reached skill level 4 in Fighting
  2633 | D:5      | Reached skill level 5 in Fighting
  2707 | D:5      | Noticed a black bear
  2717 | D:5      | Killed a black bear
  2718 | D:5      | Reached XP level 7. HP: 45/45 MP: 7/10
  3072 | D:5      | Reached skill level 6 in Fighting
  3181 | D:5      | Found the +8 trident of the Octopus King {venom, rElec
                  | rPois}
  3299 | D:6      | Reached skill level 1 in Polearms
  3339 | D:6      | Found an ornate altar of the Wu Jian Council.
  3441 | D:6      | Noticed Edmund
  3619 | D:6      | Found a staircase to the Ecumenical Temple.
  4046 | D:6      | Reached XP level 8. HP: 50/52 MP: 11/11
  4454 | D:7      | Reached skill level 5 in Polearms
  4972 | D:7      | Found a shimmering altar of Xom.
  4973 | D:7      | Found a hazy altar of Hepliaklqana.
  4975 | D:7      | Noticed a spectral ugly thing
  5048 | D:8      | Reached skill level 7 in Fighting
  5102 | D:8      | Reached skill level 8 in Fighting
  5105 | D:8      | Reached XP level 9. HP: 49/59 MP: 7/12
  5384 | D:8      | Reached skill level 9 in Fighting
  5566 | D:8      | Reached skill level 10 in Fighting
  5585 | D:8      | Reached skill level 11 in Fighting
  5745 | D:9      | Noticed a skeletal warrior
  5831 | D:9      | Noticed Prince Ribbit
  5848 | D:8      | Reached skill level 12 in Fighting
  5848 | D:8      | Reached XP level 10. HP: 38/71 MP: 3/13
  5941 | D:9      | Noticed a skeletal warrior
  5987 | D:8      | Killed Prince Ribbit
  6186 | D:8      | Reached skill level 13 in Fighting
  6434 | D:9      | Noticed Jeremiah
  6457 | D:9      | Jeremiah changed into Jeremiah the glass eye
  6457 | D:9      | Noticed Jeremiah
  6467 | D:9      | Killed Jeremiah the glass eye
  6524 | D:9      | Found a runed translucent gate.
  6524 | D:9      | Found a runed translucent gate.
  6526 | D:9      | Found a runed translucent gate.
  6529 | D:9      | Noticed a ten-headed hydra
  6529 | D:9      | Noticed DeathSocks's ghost (novice VSBe)
  6593 | D:9      | Noticed Maurice
  6676 | D:8      | Learned a level 3 spell: Call Canine Familiar
  6694 | D:9      | Noticed Pikel
  6769 | D:9      | Killed Pikel
  6847 | D:9      | Killed Maurice
  7113 | D:9      | Noticed a skeletal warrior
  7114 | D:9      | Noticed a skeletal warrior
  7175 | D:10     | Entered Level 10 of the Dungeon
  7187 | D:10     | Found a radiant altar of Vehumet.
  7272 | D:10     | Reached XP level 11. HP: 60/79 MP: 14/17
  7330 | D:10     | Noticed a two-headed ogre
  7339 | D:10     | a two-headed ogre changed into a sea snake
  7339 | D:10     | Noticed a sea snake
  7347 | D:10     | Killed a sea snake
  7348 | D:10     | Reached skill level 5 in Spellcasting
  7385 | D:10     | Identified the +0 robe of Ditupos {Str+4 Stlth+}
  7851 | D:11     | Noticed a cyclops
  8098 | D:11     | Noticed a boulder beetle
  8117 | D:11     | Killed a boulder beetle
  8138 | D:11     | Killed a cyclops
  8176 | D:11     | Noticed a two-headed ogre
  8458 | D:11     | Noticed a boulder beetle
  8482 | D:11     | Killed a boulder beetle
  8780 | D:9      | Found a staircase to the Lair.
  8787 | Lair:1   | Entered Level 1 of the Lair of Beasts
  9031 | Lair:1   | Reached skill level 1 in Evocations
  9085 | Lair:1   | Reached skill level 10 in Polearms
  9103 | Lair:1   | Reached XP level 12. HP: 72/84 MP: 13/19
  9246 | Lair:1   | Slain by a yak

Illustrated notes

Levels and vault maps discovered:
D:1:      dpeg_arrival_line_fractal, layout_rooms
D:2:      layout_rooms, shapermc_ecumenical_altar_gd,
          chequers_serial_rivers_micro_a
D:3:      layout_loops_corners, mainiacjoe_overflow_divided_tiny
D:4:      layout_basic, minitemple, evilmike_ruin_ashenzari, uniq_blork_the_orc
D:5:      layout_basic, chequers_garden
D:6:      layout_basic, mainiacjoe_overflow_cross_hatched,
          minmay_temple_entry_fiery, uniq_edmund
D:7:      layout_basic, regret_index_temple_of_mockery, kennysheep_small_circle
D:8:      layout_loops_ring, kennysheep_flooded_box
D:9:      minmay_flawed_box, layout_cave_pools, lair_entry_dummy,
          gammafunk_ghost_hydra_chop, uniq_jeremiah, uniq_pikel, uniq_maurice,
          uniq_prince_ribbit1
D:10:     layout_gridville, vehumet_crystals, feat_on_display
D:11:     layout_basic
Lair:1:   layout_chaotic_city, serial_bayou_pond_a,
          nicolae_lair_grove_arrangements, serial_bayou_pond_a, uniq_nergalle
Lair:2:   layout_hall_layers, guppyfry_snake_entry_garden

Skill      XL: |  1  2  3  4  5  6  7  8  9 10 11 12 |
---------------+-------------------------------------+-----
Summonings     | 4 5 6 |  6.0
Fighting       | 1 3 5 6 8 12 13 | 13.9
Short Blades   | 1 2 |  2.0
Polearms       | 3 6 10 | 10.2
Spellcasting   | 4 5 |  5.0
Stealth        | 3 |  3.2
Evocations     | 2 3 |  3.7
Dodging        | |  1.5

Action                     |  1- 3 |  4- 6 |  7- 9 | 10-12 || total
---------------------------+-------+-------+-------+-------++-------
  Melee: Unarmed           |     6 |       |       |       ||     6
         Short sword       |    36 |   154 |    12 |       ||   202
         Trident           |     1 |     2 |   189 |   310 ||   502
         Punch             |       |     2 |       |     3 ||     5
   Fire: Sling             |    27 |       |       |       ||    27
  Throw: Boomerang         |       |       |     3 |       ||     3
         Dart              |       |       |       |     5 ||     5
   Cast: Summon Small Mamm |    19 |     5 |    34 |    10 ||    68
         Call Imp          |     6 |     6 |    19 |    29 ||    60
         Call Canine Famil |       |       |       |    13 ||    13
  Evoke: Wand              |       |       |     2 |    10 ||    12
    Use: Scroll            |       |       |     7 |     5 ||    12
   Stab: Sleeping          |     1 |       |       |       ||     1
         Paralysed         |       |       |     3 |       ||     3
         Distracted        |       |       |     2 |     3 ||     5
 Armour: Robe              |    29 |       |       |       ||    29
         Scale mail        |       |   107 |   206 |   267 ||   580
  Dodge: Dodged            |    42 |    51 |   101 |   166 ||   360
